 Dungeon Crawl Stone Soup version 0.31-a0-1469-gd420192249 (webtiles) character file.

Game seed: 9813280118521785472

21 grandjackal the Ducker (level 2, -1/23 HPs)
             Began as a Demonspawn Gladiator on Dec 29, 2023.
             Succumbed to an adder's poison
             ... on level 2 of the Dungeon.
             The game lasted 00:00:49 (940 turns).

grandjackal the Ducker (Demonspawn Gladiator)        Turns: 940, Time: 00:00:50

Health: -1/23      AC:  4    Str: 14    XL:     2   Next: 65%
Magic:  2/2        EV: 12    Int:  8    God:
Gold:   32         SH:  0    Dex: 14    Spells: 1/1 levels left

rFire   . . .        a - +0 war axe
rCold   . . .        (no shield)
rNeg    . . .        b - +0 leather armour
rPois   .            c - +0 helmet
rElec   .            (no cloak)
rCorr   .            (no gloves)
SInv    .            (no boots)
Will    .....        (no amulet)
Stlth   +            (no ring)
HPRegen 0.23/turn    (no ring)
MPRegen 0.08/turn

%: no passive effects
@: lethally poisoned (-1 -> -5)
A: claws 1
a: no special abilities


You were on level 2 of the Dungeon.
You visited 1 branch of the dungeon, and saw 2 of its levels.

You collected 32 gold pieces.

Inventory:

Hand Weapons
 a - a +0 war axe (weapon)
Missiles
 d - 3 throwing nets (quivered)
 e - a javelin
Armour
 b - a +0 leather armour (worn)
 c - a +0 helmet (worn)
Scrolls
 f - a scroll of teleportation {unknown}
 h - a scroll of revelation {unknown}
 i - a scroll of amnesia {unknown}


   Skills:
 + Level 2.4 Fighting
 - Level 2.8 Axes
 - Level 2.0 Throwing
 - Level 3.0 Dodging
 + Level 0.5 Unarmed Combat


You had one spell level left.
You didn't know any spells.
Your spell library was empty.

Dungeon Overview and Level Annotations

Branches:
Dungeon (2/15)

Altars:


Innate Abilities, Weirdness & Mutations

You have sharp fingernails.


Message History

You are no longer poisoned.
The adder closely misses you. The adder bites you.
You miss the adder. The adder bites you.
The adder bites you but does no damage.
You hit the adder.
The adder is heavily wounded.
The adder bites you. x2
You are poisoned.
The adder poisons you!
Unknown command.
You miss the adder.
The adder is heavily wounded.
You feel very sick. The adder bites you but does no damage.
You are too injured to fight recklessly!
You are too injured to fight recklessly!
You miss the adder.
The adder is heavily wounded.
You feel sick. The adder closely misses you. The adder misses you.
You miss the adder.
The adder is heavily wounded.
You feel sick. The adder misses you. The adder closely misses you.
You closely miss the adder.
The adder is heavily wounded.
You feel sick. The adder bites you.
* * * LOW HITPOINT WARNING * * *
You are lethally poisoned!
The adder poisons you! The adder bites you.
* * * LOW HITPOINT WARNING * * *
It was a potion of cancellation.
You feel magically purged.
* * * LOW HITPOINT WARNING * * *
You feel sick. The adder bites you but does no damage.
You closely miss the adder.
The adder is heavily wounded.
* * * LOW HITPOINT WARNING * * *
You feel sick. The adder bites you but does no damage. The adder bites you.
* * * LOW HITPOINT WARNING * * *
You slash the adder!
You kill the adder!
You die...

#.. .. ..##
..# .# ..#
#.##. #.#
#.....
#.####......
#.#.@.......
#..........#
##...##....#
###...##..#.#
##.........#
#
#........>..
##..........
##....#....
##.<.#?.##


There were no monsters in sight!

Vanquished Creatures
  An adder (D:2)
  A dart slug (D:1)
  A ball python (D:1)
  3 bats
  A giant cockroach (D:1)
  4 hobgoblins (D:1)
  2 kobolds (D:1)
  2 quokkas
  3 rats (D:1)
18 creatures vanquished.

Notes
Turn   | Place    | Note
-------+----------+-------------------------------------------
     0 | D:1      | grandjackal the Demonspawn Gladiator began the quest for
                  | the Orb.
     0 | D:1      | Reached XP level 1. HP: 16/16 MP: 1/1
    14 | D:1      | Found a faded altar of an unknown god.
   163 | D:1      | Discovered your monstrous ancestry.
   163 | D:1      | Gained mutation: You have sharp fingernails. [demonic
                  | ancestry]
   163 | D:1      | Reached XP level 2. HP: 19/22 MP: 2/2
   725 | D:1      | Reached skill level 3 in Dodging
   939 | D:2      | HP: 1/23 [adder (1)]
   940 | D:2      | Succumbed to an adder's poison

Illustrated notes

Levels and vault maps discovered:
D:1:      minmay_arrival_plants_in_alcoves, layout_basic,
          shapermc_ecumenical_altar_mp_highgroup
D:2:      minmay_alternating_diamond, layout_loops_ring, uniq_natasha

Skill      XL: |  1  2 |
---------------+-------+-----
Throwing       | 2 |  2.0
Dodging        | 3 |  3.0
Fighting       | |  2.4
Axes           | |  2.8
Unarmed Combat | |  0.5

Action                     || total
---------------------------++-------
  Melee: War axe           ||    66
         Punch             ||     1
    Use: Potion            ||     1
 Armour: Leather armour    ||    43
  Dodge: Dodged            ||    58

Table legend: (Time is in decaauts)
 A = Elapsed time spent in this place.
 B = Non-inter-level travel time spent in this place.
 C = Inter-level travel time spent in this place.
 D = Time resting spent in this place.
 E = Time spent auto-exploring this place.
 F = Levels seen in this place.
 G = Mean time per level.
                   A        B        C        D        E       F      G
               +--------+--------+--------+--------+--------+-----+--------+
         Total |    963 |    948 |     15 |     32 |    754 |   2 |  481.5 |
       Dungeon |    963 |    948 |     15 |     32 |    754 |   2 |  481.5 |
               +--------+--------+--------+--------+--------+-----+--------+

Top non-repeatable levels by time:
     D:1: 883 daAuts
     D:2: 79 daAuts
